Map: Site Delta LE

Players

SubN - Winner!

  • Race: Zerg Zerg
  • League: Diamond
  • Spawn Location: 5:00

RichardHead

  • Race: Terran Terran
  • League: Platinum
  • Spawn Location: 11:00

VOD

Have the link to the VOD?

Description

Time

  • Played on: Dec. 26, 2023, 10:10 p.m.
  • Length: 12:58
Show
View Real Time Build Order
Export as new Build Order

SubN Zerg - Winner!

Build Orders: Hatch First 

Get SALT Encoding   

  12  0:00  Drone  
  13  0:08  Drone  
  14  0:16  Overlord  
  14  0:34  Drone x2  
  16  0:44  Drone  
  17  0:51  Hatchery  
  17  0:55  Drone  
  17  0:58  Drone  
  17  1:00  Extractor  
  17  1:14  Spawning Pool  
  17  1:16  Drone  
  17  1:20  Drone  
  18  1:29  Drone  
  19  1:40  Drone  
  20  1:56  Overlord  
  20  2:00  Hatchery  
  19  2:05  Queen  
  21  2:15  Queen  
  23  2:32  Drone x5  
  23  2:35  Drone  
  29  2:40  Metabolic Boost  
  29  2:45  Zergling x2  
  29  2:47  Zergling x2  
  31  2:55  Zergling x4  
  33  2:58  Queen  
  35  3:06  Overlord  
  35  3:13  Queen  
  35  3:17  Drone x4  
  41  3:22  Overlord  
  41  3:26  Overlord  
  41  3:36  Drone x3  
  41  3:38  Drone x3  
  47  3:43  Overlord  
  47  3:49  Drone x2  
  47  3:52  Queen  
  51  4:00  Overlord x2  
  51  4:08  Drone x6  
  57  4:13  Overlord  
  57  4:15  Drone x2  
  59  4:18  Queen  
  59  4:23  Drone x3  
  59  4:24  Drone  
  65  4:37  Spine Crawler  
  64  4:41  Zergling x2  
  64  4:42  Zergling x10  
  64  4:43  Zergling x4  
  72  4:49  Overlord  
  72  4:50  Overlord  
  72  4:53  Drone x3  
  72  4:54  Drone  
  72  4:56  Drone x3  
  72  4:57  Extractor  
  78  5:00  Drone  
  79  5:11  Evolution Chamber  
  79  5:13  Evolution Chamber  
  78  5:14  Drone x4, Hatchery, Evolution Chamber  
  78  5:15  Drone  
  78  5:17  Extractor  
  78  5:18  Extractor  
  78  5:22  Queen  
  80  5:33  Overlord  
  80  5:37  Drone x3  
  80  5:38  Drone x3  
  80  5:39  Drone  
  80  5:42  Drone x4  
  91  5:45  Extractor  
  90  5:51  Roach Warren  
  90  5:52  Lair  
  90  5:54  Pneumatized Carapace  
  89  5:57  Queen  
  89  6:01  Extractor  
  90  6:14  Zerg Ground Armor Level 1  
  90  6:16  Zerg Missile Weapons Level 1  
  90  6:28  Zergling x2  
  90  6:29  Zergling x4  
  90  6:32  Overlord x3  
  93  6:34  Zerg Melee Weapons Level 1  
  93  6:41  Drone x16  
  93  6:42  Queen  
  111  6:55  Drone x3  
  111  6:56  Drone  
  114  7:05  Roach x5  
  114  7:08  Glial Reconstitution  
  122  7:11  Drone  
  123  7:16  Hydralisk Den  
  123  7:19  Extractor  
  123  7:21  Extractor  
  118  7:42  Drone x3  
  118  7:43  Drone  
  122  7:47  Muscular Augments  
  122  7:49  Drone  
  123  7:51  Hydralisk  
  123  7:52  Baneling Nest, Hydralisk  
  123  7:54  Overlord x7  
  123  7:55  Overlord  
  123  7:57  Drone  
  127  8:04  Hatchery  
  121  8:11  Hydralisk x2  
  121  8:12  Hydralisk x10  
  139  8:19  Drone x2  
  141  8:22  Infestation Pit  
  141  8:24  Zergling x2  
  141  8:25  Zergling x6  
  144  8:33  Drone  
  145  8:42  Overseer  
  145  8:51  Grooved Spines  
  145  8:52  Hydralisk  
  145  8:55  Zergling x20  
  152  8:56  Zergling x10  
  152  9:01  Zerg Melee Weapons Level 2, Zerg Missile Weapons Level 2  
  162  9:03  Zerg Ground Armor Level 2  
  162  9:06  Zergling x4  
  164  9:10  Drone x2  
  164  9:13  Extractor  
  164  9:16  Baneling  
  165  9:17  Baneling x20  
  165  9:18  Centrifugal Hooks  
  165  9:28  Hydralisk x2  
  165  9:29  Hydralisk x10  
  167  9:47  Queen  
  170  10:07  Zergling x16  
  170  10:08  Zergling x24  
  189  10:14  Baneling x6  
  189  10:15  Baneling x4  
  189  10:23  Hive  
  189  10:26  Drone  
  189  10:28  Overlord x4  
  118  10:56  Hydralisk  
  116  10:57  Hydralisk x9  
  116  10:59  Zergling x14  
  116  11:00  Zergling x10  
  116  11:01  Queen  
  133  11:16  Zergling x12  
  139  11:22  Baneling x9  
  139  11:23  Baneling x5  
  139  11:24  Baneling x4  
  139  11:25  Baneling  
  139  11:32  Drone x2  
  141  11:36  Viper x4  
  141  11:39  Hydralisk x6  
  155  11:40  Hydralisk x7  
  157  12:05  Hydralisk x8  
  157  12:06  Hydralisk x4  
  157  12:08  Zergling x16  
  175  12:29  Overseer  
Show
View Real Time Build Order
Export as new Build Order

RichardHead Terran 

Build Orders: Reaper Expand, Mech 

Get SALT Encoding   

  12  0:00  SCV  
  13  0:12  SCV  
  14  0:17  Supply Depot  
  14  0:24  SCV  
  15  0:39  SCV  
  15  0:41  Barracks  
  16  0:45  Refinery  
  16  0:51  SCV  
  17  1:03  SCV  
  18  1:15  SCV  
  19  1:31  Orbital Command  
  19  1:32  Reaper  
  20  1:42  Command Center  
  20  1:51  Supply Depot  
  20  1:56  SCV  
  21  2:04  Marine  
  23  2:08  SCV  
  23  2:15  Factory  
  23  2:20  SCV  
  24  2:25  Barracks Reactor  
  24  2:32  SCV  
  25  2:44  SCV  
  25  2:45  Command Center  
  26  2:57  SCV  
  27  3:04  Orbital Command  
  27  3:10  Starport  
  28  3:12  SCV  
  28  3:19  Refinery  
  30  3:20  Hellion  
  30  3:22  Hellion  
  30  3:25  SCV  
  33  3:33  SCV  
  34  3:37  SCV  
  37  3:41  Hellion  
  37  3:44  Hellion  
  39  3:49  SCV  
  39  3:50  Viking  
  42  3:58  Supply Depot  
  42  4:06  SCV  
  42  4:07  Orbital Command, SCV  
  44  4:17  Fusion Core  
  44  4:18  SCV  
  44  4:19  SCV  
  46  4:28  Barracks Tech Lab  
  46  4:31  SCV x2  
  48  4:35  SCV  
  48  4:37  Supply Depot  
  49  4:43  SCV x2  
  50  4:47  SCV  
  50  4:49  Refinery  
  50  4:50  Refinery  
  51  4:55  SCV x2  
  51  4:59  Hellion, SCV  
  58  5:00  Hellion  
  58  5:05  Supply Depot  
  58  5:13  SCV x2  
  61  5:14  SCV  
  61  5:18  Battlecruiser  
  61  5:21  Hellion x2  
  71  5:25  SCV x2  
  71  5:26  SCV  
  74  5:31  Factory  
  74  5:36  Factory  
  74  5:37  SCV x2  
  74  5:38  SCV  
  77  5:46  Supply Depot  
  77  5:49  SCV  
  79  5:50  SCV x2  
  79  5:52  Hellion x2  
  79  5:56  Barracks Tech Lab  
  84  5:59  Weapon Refit  
  84  6:01  SCV  
  85  6:07  SCV  
  85  6:09  Supply Depot  
  85  6:10  Orbital Command  
  86  6:13  SCV  
  86  6:17  Armory  
  87  6:20  Armory  
  87  6:21  Hellion x2, Factory Tech Lab x2  
  91  6:37  SCV x3  
  94  6:44  Siege Tank x2  
  94  6:47  Infernal Pre-Igniter  
  100  6:49  SCV  
  100  6:51  Refinery  
  101  6:55  Refinery  
  101  7:00  Supply Depot  
  101  7:02  Supply Depot x2  
  101  7:04  Supply Depot  
  101  7:10  Terran Vehicle Weapons Level 1, Terran Vehicle And Ship Armor Level 1  
  101  7:18  Command Center  
  101  7:21  SCV x3, Siege Tank  
  101  7:22  Hellion  
  109  7:23  Supply Depot, Siege Tank  
  109  7:24  Hellion  
  109  7:27  Supply Depot x2  
  114  7:33  SCV x3  
  101  7:47  Hellion x2  
  105  7:52  Battlecruiser  
  105  7:53  Siege Tank  
  105  7:56  SCV x3  
  112  8:08  Hellion, SCV x3  
  113  8:20  SCV x3  
  113  8:21  Hellion, Siege Tank  
  113  8:25  Siege Tank  
  124  8:32  SCV x2  
  124  8:33  SCV  
  127  8:37  Supply Depot  
  127  8:38  Supply Depot  
  127  8:40  Supply Depot  
  127  8:41  Supply Depot  
  127  8:42  Supply Depot x2  
  127  8:44  SCV x2  
  127  8:45  SCV  
  130  8:49  Command Center  
  130  8:50  Hellion  
  130  8:52  Hellion  
  130  8:53  Siege Tank  
  137  8:56  SCV  
  137  8:57  SCV x2  
  137  8:58  Siege Tank  
  143  9:06  Viking  
  143  9:08  SCV  
  140  9:48  Siege Tank x2  
  140  9:49  Hellion x2  
  144  9:55  Factory, SCV  
  144  9:56  Factory  
  145  10:07  Engineering Bay  
  145  10:17  Hellion x2  
  145  10:20  Siege Tank x2  
  155  10:23  Refinery  
  155  10:25  Refinery  
  148  10:40  Factory Tech Lab  
  148  10:42  Factory Tech Lab  
  108  10:44  Hellion  
  108  10:45  Hellion  
  103  10:52  Siege Tank x2  
  102  11:00  Siege Tank x2  
  106  11:06  Hellion x2  
  106  11:09  Planetary Fortress  
  110  11:24  Siege Tank x2  
  116  11:30  Missile Turret, Command Center  
  116  11:33  Missile Turret, Siege Tank x2  
  116  11:34  Hellion x2  
  126  11:43  SCV x2  
  112  11:55  SCV x2  
  112  11:56  Siege Tank x2  
  112  11:57  Hellion x2  
  104  12:12  Siege Tank x2  
  93  12:26  Hellion x2  
  93  12:27  SCV x2  
Tags
 
Add a new tag
Caveats
  • Supply blocks, unpowered buildings, or Contaminate may cause inaccurate times.
  • Supply counts are checked every 10 seconds.